ArCris, neutral male human Barbarian --------- -------- |.......| ##-..|...| |.......| # |......| |......(.# ------### ----.--- |..)....|# |....|# # |.......|# #.....|# # --|------# ###|...*-# # ## # # |....| # # # ### ------ # ### # # ### # # # # # % -- --@ ######## # # |...af -.-----# # # ----- |..a|# |.(...|########## ###|#..| |$.. |......######-.-|---- #-...| ---- ......| #-<.....| |...| ------- |......| ----- -------- ArCris the Bandit Experience level: 6 Strength: 18/01 Dexterity: 16 Constitution: 18 Intelligence: 9 Wisdom: 9 Charisma: 7 Health: 0(70) Energy: 15(15) Def: 3 Gold: 946 Moves: 3748 Dungeon seed: FdP2Nkzj30bS0iTa Game ID: ArCris_1458888901 Your Inventory: Coins $ - 946 gold pieces Weapons a - a +0 battle-axe (weapon in hands) b - a +0 short sword (alternate weapon; not wielded) f - a cursed +0 orcish dagger h - 2 +0 orcish daggers i - a +2 orcish dagger m - 7 +1 darts t - a +0 elven dagger v - 9 cursed +0 darts E - a +0 crossbow F - 6 +0 crossbow bolts Armor e - an uncursed +0 ring mail (being worn) n - an uncursed +0 orcish helm q - an uncursed +0 orcish helm r - an uncursed +0 orcish helm y - an uncursed +0 orcish helm N - an uncursed +0 dwarvish cloak X - an uncursed +0 cloak of protection Y - a cursed +0 pair of iron shoes Comestibles l - 2 uncursed food rations T - an uncursed fortune cookie V - an uncursed slime mold Scrolls d - a cursed scroll of scare monster s - an uncursed scroll of confuse monster B - an uncursed scroll of identify O - an uncursed scroll of teleportation Spellbooks R - an uncursed spellbook of stone to flesh Potions c - an uncursed potion of healing A - an uncursed potion of fruit juice Rings j - an uncursed ring of invisibility Wands I - a wand of digging (0:6) Tools w - a cursed wax candle (0:400) x - a +0 pick-axe H - an uncursed mirror M - an uncursed tin opener Gems z - an uncursed jade stone G - 3 uncursed worthless pieces of black glass J - 2 uncursed worthless pieces of orange glass P - an uncursed worthless piece of green glass W - an uncursed aquamarine stone Spells and supernatural/magical abilities: Name Level Category Fail Memory W - pray for help -- divine ? -- Your skills at the end: Fighting Skills bare handed combat [Basic] Weapon Skills axe [Basic] short sword [Basic] Spellcasting Skills Final Attributes: You were piously aligned. You were poison resistant. You are dead. Vanquished creatures: a dog a shrieker 4 gnome lords a gnomish wizard a kobold mummy a ghoul a giant ant 2 little dogs 3 dwarves a kobold lord a kobold shaman a giant bat an orc zombie a werejackal 2 iguanas 3 coyotes 3 gas spores 2 hobbits 4 manes 2 large kobolds a hobgoblin 2 giant rats 2 brown molds a red mold 14 gnomes a gnome zombie 2 geckos 17 jackals 2 foxes 2 kobolds 5 goblins 2 sewer rats 8 grid bugs a lichen 5 kobold zombies 2 newts 103 creatures vanquished. Voluntary challenges: You had been an atheist until turn 2386. You used a wielded weapon 88 times, starting on turn 161. You were illiterate. You never genocided any monsters. You never polymorphed an object. You never changed form. You used no wishes. You never split a pudding. You never wrote Elbereth's name. You never violated your personal moral code. Dungeon overview: The Dungeons of Doom: levels 1 to 5 Level 1 a fountain a long staircase Level 2 some fountains Level 3 a fountain stairs to The Gnomish Mines Level 4 Level 5 <- You were here a sink The Gnomish Mines: levels 4 to 5 Level 4 stairs to The Dungeons of Doom Level 5 History has recorded: On T:1 you entered the Dungeons of Doom to retrieve the Amulet of Yendor! On T:514 you advanced to experience level 2. On T:595 you reached level 2 of The Dungeons of Doom. On T:818 you advanced to experience level 3. On T:1240 you reached level 3 of The Dungeons of Doom. On T:1678 you advanced to experience level 4. On T:1775 you reached level 1 of The Gnomish Mines. On T:1802 you reached level 2 of The Gnomish Mines. On T:1841 you advanced to experience level 5. On T:2500 you advanced to experience level 6. On T:2678 you reached level 4 of The Dungeons of Doom. On T:3447 you reached level 5 of The Dungeons of Doom. Score breakdown: Gold: 946 (10124 points) Experience: 6 levels (12456 points) Exploration: 5 levels ( 10.42%) ( 8751 points) Discoveries: 0 items ( 0.00%) ( 0 points) Valuables value: (no points given unless you survive) Artifact value: 0 ( 0 points) Variety of kills: 36 monsters ( 9.45%) ( 9221 points) Turncount: 3748 turns ( -928 points) Survival: died (score multiplied by 80%) Total score: 31699 Latest messages: The ghoul hits! (2x) The kobold shaman points at you, then curses. (2x) The air crackles around the kobold shaman. You can move again. You displace Lucky. The giant ant bites! You die... Final status: Goodbye ArCris the Barbarian, killed by a giant ant... You died in The Dungeons of Doom on dungeon level 5 with 31699 points, and 946 pieces of gold, after 3748 moves. You were level 6 with a maximum of 70 hit points when you died.